 Dungeon Crawl Stone Soup version 0.28.0-47-ge53b351184 (webtiles) character file.

Game seed: 192061995448274246

11 101zpm the Magician (level 2, -1/21 HPs)
             Began as a Djinni Fire Elementalist on Apr 30, 2022.
             Slain by Sigmund
             ... wielding a +0 scythe
              (4 damage)
             ... on level 2 of the Dungeon.
             The game lasted 00:00:58 (763 turns).

101zpm the Magician (Djinni Fire Elementalist)       Turns: 763, Time: 00:01:00

Health: -1/21      AC:  2    Str:  7    XL:     2   Next: 35%
Gold:   0          EV: 12    Int: 16    God:
                   SH:  0    Dex: 13

rFire   + + .      SeeInvis .   (no weapon)
rCold   x . .      Faith    .   (no shield)
rNeg    . . .      Spirit   .   a - +0 robe
rPois   ∞          Reflect  .   (no helmet)
rElec   .          Harm     .   (no cloak)
rCorr   .          Rampage  .   (no gloves)
Will    .....                   (boots unavailable)
Stlth   ++........              (no amulet)
HPRegen 0.07/turn               (no ring)
MPRegen 0.00/turn               (no ring)

@: flying
A: sickness immunity, fire resistance 2, cold vulnerability 1, float, innate
caster, HP casting, extra vitality 1
a: no special abilities


You were on level 2 of the Dungeon.
You visited 1 branch of the dungeon, and saw 2 of its levels.

Inventory:

Armour
 a - a +0 robe (worn)
Scrolls
 b - a scroll of fog {unknown}


   Skills:
 + Level 2.2 Dodging
 + Level 1.7 Stealth
 + Level 2.8 Spellcasting


You couldn't memorise any spells.
You knew the following spells:

 Your Spells              Type           Power      Damage    Failure   Level
a - Foxfire               Conj/Fire      44%        2x1d6     6%          1
b - Scorch                Fire           22%        2d6       9%          2
c - Conjure Flame         Conj/Fire      11%        6-21      19%         3
d - Inner Flame           Hex/Fire       11%        N/A       19%         3
e - Flame Wave            Conj/Fire      11%        2d5       52%         4
Your spell library was empty.

Dungeon Overview and Level Annotations

Branches:
Dungeon (2/15)

Altars:
Uskayaw

Annotations:
D:2 Sigmund


Innate Abilities, Weirdness & Mutations

You are immune to sickness and miasma.
You are immune to poison.
Your flesh is very heat resistant. (rF++)
You are vulnerable to cold. (rC-)
You float through the air rather than walking.
You learn spells naturally, not from books.
Your magical power is your life essence.
You have superior vitality. (+4 MHP)


Message History

The ball python is moderately wounded.
The foxfire hits Sigmund.
Sigmund is lightly wounded.
You conjure some foxfire!
A bat comes into view.
The foxfire hits the ball python.
You kill the ball python!
You conjure some foxfire!
The foxfire hits Sigmund.
Sigmund is moderately wounded.
The foxfire hits Sigmund.
Sigmund is moderately wounded.
The foxfire hits Sigmund.
Sigmund is moderately wounded.
You conjure some foxfire!
The foxfire hits Sigmund.
Sigmund is heavily wounded.
The foxfire hits the bat.
The bat is moderately wounded.
Sigmund casts a spell.
Sigmund flickers and vanishes!
Deactivating autopickup; reactivate with Ctrl-A.
You conjure some foxfire!
The foxfire hits the bat.
You kill the bat!
The foxfire hits something.
You hear some strange, mumbled words.
You are confused.
You're too confused to cast spells.
Unknown command.
You're too confused to cast spells.
You're too confused to cast spells.
The foxfire hits something. x2
Something hits you!
* * * LOW HITPOINT WARNING * * *
You're too confused to move!
You feel less confused.
Casting: Foxfire (safe; 6% risk of failure)
Press: ? - help, Q - select action, (/) - cycle Dir - look around, f - activate You conjure some foxfire!
* * * LOW HITPOINT WARNING * * *
Something hits you.
You die...

.............. ...>.##
#.###........# #.....
#.#..........# #....#
#.#..........# #..#.####
#.#..........# #........
#.#.........# #...#..##
#.#.........# #...#..#.
######'#......v..# ##......#.
###.............@..#####...#.#.#.
#.≈≈≈..)≈≈≈.≈≈≈.v.≈.....≈≈.....#.
#.≈≈≈≈≈≈≈≈≈≈≈.≈≈≈≈≈≈≈≈≈≈≈.....)#.
#≈≈♣♣♣≈.≈♣♣♣≈≈≈♣♣♣≈.≈♣♣♣≈≈.....##
.≈≈♣ ♣≈≈≈♣ ♣≈.≈♣ ♣≈≈≈♣ ♣≈≈...#^#.
..≈♣♣♣≈.≈♣♣♣≈.≈♣♣♣≈.≈♣♣♣≈....#...
..≈≈≈≈≈≈≈≈≈≈≈≈≈≈≈≈≈≈≈≈≈≈≈≈.###...
.≈≈.≈......≈≈...≈≈.≈≈.≈≈.≈.......
.≈≈≈≈≈≈≈≈≈≈≈≈.≈≈≈≈≈≈≈≈≈≈≈........


There were no monsters in sight!

Vanquished Creatures
  2 bats (D:2)
  An endoplasm (D:2)
  2 goblins (D:2)
  2 hobgoblins (D:2)
  A ball python (D:2)
  A frilled lizard (D:2)
  A rat (D:2)
10 creatures vanquished.

Vanquished Creatures (others)
  62 foxfires (D:2)
62 creatures vanquished.

Grand Total: 72 creatures vanquished

Notes
Turn   | Place    | Note
-------+----------+-------------------------------------------
     0 | D:1      | 101zpm the Djinni Fire Elementalist began the quest for the
                  | Orb.
     0 | D:1      | Reached XP level 1. HP: 15/15 MP: 0/0
     1 | D:1      | Found a hide-covered altar of Uskayaw.
   356 | D:2      | Reached XP level 2. HP: 17/21 MP: 0/0
   750 | D:2      | Noticed Sigmund
   763 | D:2      | Slain by Sigmund

Illustrated notes

Levels and vault maps discovered:
D:1:      sevenhm_arrival_forest_fort_small_6, layout_loops_ring,
          chequers_ecumenical_altar_lobes, st_stairs_6
D:2:      layout_basic, kennysheep_boxes, uniq_sigmund

Action                   || total
-------------------------++-------
 Cast: Foxfire           ||    36
